 Dungeon Crawl Stone Soup version 0.21-a0-404-g291f19a (webtiles) character file.

51 Gorice the Twirler (level 3, 0/27 HPs)
             Began as a Demonspawn Wanderer on Oct 28, 2017.
             Was an Initiate of Nemelex Xobeh.
             Slain by Grinder (1 damage)
             ... while paralysed by Grinder
             ... on level 3 of the Dungeon.
             The game lasted 00:07:36 (2140 turns).

Gorice the Twirler (Demonspawn Wanderer)            Turns: 2140, Time: 00:07:37

Health: 0/27       AC:  9    Str: 13    XL:     3   Next: 57%
Magic:  12/12      EV:  2    Int: 13    God:    Nemelex Xobeh [......]
Gold:   143        SH:  0    Dex: 12    Spells: 2/2 levels left

rFire    . . .     SeeInvis .   a - +1 quarterstaff
rCold    . . .     Gourm    .   (shield currently unavailable)
rNeg     . . .     Faith    .   u - +0 chain mail
rPois    .         Spirit   .   (helmet restricted)
rElec    .         Reflect  .   n - +0 cloak
rCorr    .         Harm     .   (no gloves)
MR       .....                  (no boots)
Stlth    ..........             (no amulet)
HPRegen  0.09/turn              l - ring of magical power
MPRegen  0.13/turn              (no ring)

@: paralysed
A: antennae 1, rot immunity
a: Renounce Religion


You were on level 3 of the Dungeon.
You worshipped Nemelex Xobeh.
Nemelex Xobeh was noncommittal.
You were not hungry.

You visited 1 branch of the dungeon, and saw 3 of its levels.

You collected 143 gold pieces.

Inventory:

Hand Weapons
 a - a +1 quarterstaff (weapon)
 e - a +0 club
Missiles
 Z - 98 stones (quivered)
Armour
 b - a +0 shield
 d - a +1 robe
 n - a +0 cloak (worn)
 u - a +0 chain mail (worn)
Jewellery
 l - a ring of magical power (left hand)
Scrolls
 g - a scroll of amnesia
 j - a scroll of enchant armour
 q - 2 scrolls of remove curse
 r - a scroll of teleportation {!r}
 v - 2 scrolls of enchant weapon
Potions
 c - a potion of lignification {!q}
 h - a potion of magic {unknown}
 k - a potion of degeneration {unknown}
 o - a potion of haste {unknown}
 s - a potion of heal wounds {unknown}
 t - a potion of resistance {unknown}
Comestibles
 f - 3 bread rations {!e}
 i - 7 chunks of flesh
 m - a royal jelly
 p - 2 fruits


   Skills:
 - Level 2.0 Fighting
 * Level 3.2 Staves
 - Level 1.0 Shields
   Level 2.1 Necromancy
   Level 3.0 Poison Magic
   Level 1.0 Evocations


You had 2 spell levels left.
You didn't know any spells.

Dungeon Overview and Level Annotations

Branches:
Dungeon (3/15)

Altars:
Nemelex Xobeh

Annotations:
D:3 Grinder


Innate Abilities, Weirdness & Mutations

You have a pair of small antennae on your head.
You are immune to rotting.


Message History

The kobold throws a stone.
The stone closely misses you.
The kobold throws a stone.
The stone barely misses you.
The kobold throws a stone.
The stone hits you but does no damage.
You see here a stone.
The kobold throws a stone.
The stone hits you but does no damage.
You see here a stone.
You hit the kobold.
You kill the kobold!
No target in view!
No target in view!
No target in view!
Z - 94 stones (gained 1)
Z - 95 stones (gained 1)
Z - 97 stones (gained 2)
Z - 98 stones (gained 1)
You open the door.
There is an open door here.
You open the door.
There is an open door here.
Grinder comes into view.
Grinder shouts!
Grinder says, "Just stop there for a second..."
There is an open door here.
Which direction?
There isn't anything that you can close there!
Which direction?
You close the door.
You open the door.
Grinder opens the door.
Grinder blinks!
There is an open door here.
Which direction?
You close the door.
Grinder opens the door.
Grinder blinks!
Grinder hits you.
You writhe in agony.
Damage: 8 (max 8) Grinder hits you.
Damage: 5 (max 8)
You see here a hobgoblin skeleton.
Grinder gestures at you.
You suddenly lose the ability to move!
Grinder hits you.
* * * LOW HITPOINT WARNING * * *
You writhe in agony.
* * * LOW HITPOINT WARNING * * *
Grinder hits you.
* * * LOW HITPOINT WARNING * * *
You writhe in agony.
You die...
Your body disappears without a glow.

#.# ..# #?..###.# #.# #.# #......
#.# ... #####§# ######.### ##.#
##'# # #........# ... ##...
###.###....## #.### ##5...
.##.###.....# #.#.## ##.....
..#.##......#######....####......
..'.............@5........'......
..#........####...[....####......
.######.#######.###.#..# ##.....
.### #.###...#.###..#.# ##....
...## #.#...#.#......#.#######...
.#..###...###....#...#.##........
.##.....### ###........##.#####..
.######.# #.#.⌠.⌠..##.# #.. .#
#.# #.#.._...##.#####..


You could see Grinder.

Vanquished Creatures
  An adder (D:2)
  3 dart slugs
  A ball python (D:3)
  4 giant cockroaches
  2 goblins
  6 hobgoblins
  2 bats
  4 frilled lizards
  6 kobolds
  6 rats
35 creatures vanquished.

Notes
Turn   | Place    | Note
-------+----------+-------------------------------------------
     0 | D:1      | Gorice the Demonspawn Wanderer began the quest for the Orb.
     0 | D:1      | Gorice set off with: a +0 shield, a +0 quarterstaff, a potion of lignification {!q}, a +0 robe, a +0 club, a bread ration {!e}
     0 | D:1      | Reached XP level 1. HP: 16/16 MP: 1/1
   507 | D:1      | Gained mutation: You have a pair of small antennae on your head. [demonic ancestry]
   507 | D:1      | Reached XP level 2. HP: 22/22 MP: 2/2
   744 | D:1      | Reached skill level 2 in Staves
  1168 | D:2      | Gained mutation: You are immune to rotting. [demonic ancestry]
  1168 | D:2      | Reached XP level 3. HP: 22/27 MP: 3/3
  1780 | D:3      | Reached skill level 3 in Staves
  1962 | D:3      | Found a sparkling altar of Nemelex Xobeh.
  2050 | D:3      | Became a worshipper of Nemelex Xobeh the Trickster
  2117 | D:3      | Noticed Grinder
  2137 | D:3      | Paralysed by Grinder for 5 turns
  2139 | D:3      | HP: 8/27 [Grinder (6)]
  2140 | D:3      | HP: 1/27 [Grinder (6)]
  2140 | D:3      | Slain by Grinder

Vault maps used:
D:1:      dpeg_arrival_fog
D:3:      nemelex_xobeh_ov_fountains_minmay, first_bread, uniq_terence,
          uniq_grinder

Skill      XL: |  1  2  3 |
---------------+----------+-----
Staves         | 2 3 |  3.2
Fighting       | |  2.0
Shields        | |  1.0
Necromancy     | |  2.1
Poison Magic   | |  3.0
Evocations     | |  1.0

Action                   || total
-------------------------++-------
Melee: Quarterstaff      ||    82
  Use: Scroll            ||     9
 Stab: Sleeping          ||     1
  Eat: Chunk             ||     4
Armor: Robe              ||    22
       Chain mail        ||     2
Dodge: Dodged            ||    41

Table legend:
 A = Spawn XP
 B = Non-spawn XP
 C = Spawn XP percentage of total XP
 D = Spawn monster count
 E = Non-spawn monster count
 F = Spawn count percentage of total count
 G = Total turns spent on level
                    A         B        C        D         E        F      G
               +---------+---------+-------+---------+---------+-------+---------
         Total |       0 |      73 |   0.0 |       0 |      35 |   0.0 |  2140
               +---------+---------+-------+---------+---------+-------+---------
           D:1 |       0 |      16 |   0.0 |       0 |       9 |   0.0 |  1025
           D:2 |       0 |      35 |   0.0 |       0 |      12 |   0.0 |   704
           D:3 |       0 |      22 |   0.0 |       0 |      14 |   0.0 |   411
               +---------+---------+-------+---------+---------+-------+---------

Table legend:
 A = Turns spent in this place as a percentage of turns spent in the entire game.
 B = Non-inter-level travel turns spent in this place as a percentage of non-inter-level travel turns spent in the entire game.
 C = Inter-level travel turns spent in this place as a percentage of turns spent in this place.
 D = Turns resting spent in this place as a percentage of non-inter-level travel turns spent in this place.
 E = Turns spent auto-exploring this place as a percentage of non-inter-level travel turns spent in this place.
 F = Non-inter-level travel turns spent in this place divided by the number of levels of this place that you've seen.
                   A       B       C       D       E      F
               +-------+-------+-------+-------+-------+----------------------
         Total | 100.0 | 100.0 |   5.0 |  20.2 |  55.4 | 677.3
       Dungeon | 100.0 | 100.0 |   5.0 |  20.2 |  55.4 | 677.3
               +-------+-------+-------+-------+-------+----------------------

Vault maps used:
D:1:      dpeg_arrival_fog
D:3:      nemelex_xobeh_ov_fountains_minmay, first_bread, uniq_terence,
          uniq_grinder
